 Dungeon Crawl Stone Soup version 0.27-a0-1565-gad902ab807 (webtiles) character file.

Game seed: 6162296626391688203

8816 tilp the Summoner (level 11, -8/81 HPs)
             Began as a Barachi Summoner on July 16, 2021.
             Was a High Priest of Okawaru.
             Mangled by a moth of wrath (16 damage)
             ... in a Gauntlet.
             The game lasted 00:36:30 (21247 turns).

tilp the Summoner (Barachi Summoner)               Turns: 21247, Time: 00:36:31

Health: -8/81      AC: 13    Str: 14    XL:     11   Next: 36%
Magic:  20/20      EV: 17    Int: 21    God:    Okawaru [*****.]
Gold:   487        SH:  6    Dex: 15    Spells: 5/22 levels left

rFire    + . .     SeeInvis .   a - +0 trident (vorpal)
rCold    . . .     Faith    .   P - +0 buckler
rNeg     . . .     Spirit   .   F - +2 leather armour {Will+}
rPois    .         Reflect  .   o - +1 helmet
rElec    .         Harm     .   e - +0 cloak
rCorr    .         Rampage  .   Q - +0 pair of gloves {Dex+3}
Will     +....     NoTele   +   J - +1 pair of boots
Stlth    ++++......             E - amulet of magic regeneration
HPRegen  0.23/turn              H - +6 ring of intelligence
MPRegen  0.42/turn              n - ring of protection from fire

@: lethally poisoned (-8 -> -30), heroic, unable to hop, hasted, quick
A: amphibious, slowness 1, strong legs 1, +LOS
a: Hop, Renounce Religion, Heroism, Finesse


You were in a Gauntlet.
You worshipped Okawaru.
Okawaru was extremely pleased with you.
You visited 3 branches of the dungeon, and saw 15 of its levels.
You also visited: Gauntlet.

You collected 773 gold pieces.
You spent 286 gold pieces at shops.

Inventory:

Hand Weapons
 a - a +0 vorpal trident (weapon)
 b - a +0 glaive
Missiles
 y - 8 poisoned darts (quivered)
Armour
 e - a +0 cloak (worn)
 o - a +1 helmet (worn)
 q - a +2 leather armour of positive energy
 B - +0 steam dragon scales
 F - a +2 leather armour of willpower (worn)
 J - a +1 pair of boots (worn)
 P - a +0 buckler (worn)
 Q - a +0 pair of gloves of dexterity (worn)
Jewellery
 h - an amulet of the acrobat
 n - a ring of protection from fire (right hand)
 E - an amulet of magic regeneration (around neck)
 H - a +6 ring of intelligence (left hand)
 I - a ring of see invisible
 M - a ring of resist corrosion
Wands
 m - a wand of flame (49)
 p - a wand of iceblast (36)
 A - a wand of acid (10)
 G - a wand of mindburst (28)
Scrolls
 f - a scroll of immolation
 i - a scroll of teleportation
 z - a scroll of fog
 S - a scroll of magic mapping
 U - a scroll of enchant weapon
Potions
 c - a potion of cancellation {unknown}
 d - 14 potions of curing
 g - 7 potions of brilliance
 j - 2 potions of attraction
 k - 2 potions of mutation
 r - 2 potions of ambrosia
 t - 2 potions of heal wounds
 u - 2 potions of might
 v - a potion of resistance
 w - 2 potions of lignification
 x - a potion of haste
 C - a potion of flight
 K - 2 potions of magic
 L - a potion of berserk rage
Miscellaneous
 N - a phantom mirror (inert)


   Skills:
 + Level 6.0(11.0) Fighting
 * Level 5.2(10.2) Polearms
 - Level 4.0(9.0) Armour
 + Level 5.8(10.8) Dodging
 - Level 4.0(9.0) Stealth
 - Level 4.0(9.0) Shields
 - Level 6.0 Spellcasting
 - Level 12.0 Summonings
 - Level 4.0 Ice Magic
 * Level 5.3 Invocations
 - Level 4.0 Evocations


You had 5 spell levels left.
You knew the following spells:

 Your Spells              Type           Power      Damage    Failure   Level
a - Summon Small Mammal   Summ           100%       N/A       1%          1
b - Call Imp              Summ           54%        N/A       1%          2
c - Call Canine Familiar  Summ           54%        N/A       1%          3
d - Summon Guardian Gole  Hex/Summ       31%        N/A       3%          3
e - Summon Ice Beast      Ice/Summ       39%        N/A       4%          4
f - Summon Lightning Spi  Summ/Air       31%        N/A       10%         4

Your spell library contained the following spells:

 Spells                   Type           Power      Damage    Failure   Level
 Frozen Ramparts          Ice            46%        1d6       7%          3
 Beastly Appendage        Tmut           12%        N/A       12%         1
 Foxfire                  Conj/Fire      24%        2x1d5     12%         1
 Sandblast                Erth           12%        2d6       12%         1
 Sublimation of Blood     Necr           3%         N/A       17%         2
 Wereblood                Tmut           6%         N/A       17%         2
 Dazzling Flash           Conj/Hex       12%        N/A       34%         3
 Spider Form              Tmut/Pois      3%         N/A       34%         3
 Ice Form                 Ice/Tmut       14%        N/A       45%         4
 Iskenderun's Mystic Bla  Conj/Tloc      6%         2d4       75%         4
 Petrify                  Tmut/Erth      6%         N/A       75%         4
 Irradiate                Conj/Tmut      3%         3d14      97%         5
 Starburst                Conj/Fire      3%         8x6d3     100%        6
 Storm Form               Tmut/Air       3%         N/A       100%        7
 Maxwell's Capacitive Co  Air            3%         ∞         100%        8


Dungeon Overview and Level Annotations

Branches:
Dungeon (12/15)            Temple (1/1) D:5            Lair (2/6) D:8
 Shoals (0/4) Lair:2          Orc (0/2) D:11        Gauntlet (1/1)
  Snake: Lair:2-4    Spider: Lair:2-4

Altars:
Ashenzari
Cheibriados
Dithmenos
Elyvilon
Fedhas
Gozag
Hepliaklqana
Kikubaaqudgha
Makhleb
Nemelex Xobeh
Okawaru
Qazlal
Ru
Sif Muna
Trog
Uskayaw
Vehumet
Wu Jian
Xom
Yredelemnul
Zin
The Shining One

Shops:
D:6 !   D:8 ::(

Annotations:
D:7 2 transporters (skeletal warrior), Anon1729's ghost, novice FoHu Gauntlet 13 transporters, 21 runed translucent doors


Innate Abilities, Weirdness & Mutations

You are amphibious.
You cover ground slowly.
You can hop short distances.
You have an extended range of vision and can be seen from far away.


Message History

The acid corrodes the wolf spider!
The wolf spider is moderately wounded.
* * * LOW HITPOINT WARNING * * *
You feel very sick. The redback barely misses you.
Unknown command.
Unknown command.
Aiming: Corrosive Bolt
Press: ? - help, Shift-Dir - straight line, f/p - wolf spider
Aim: a wolf spider (moderately wounded, covered in acid, 74% to hit)
The bolt of acid hits the redback!
The redback is splashed with acid.
The acid corrodes the redback!
The redback is almost dead.
The bolt of acid hits the moth of wrath!!
The moth of wrath is splashed with acid!
The acid corrodes the moth of wrath!
The moth of wrath is almost dead.
The bolt of acid hits the wolf spider!
The wolf spider is splashed with acid!
The wolf spider seems to be corroded for longer.
The wolf spider is severely wounded.
The meliai buzzes angrily.
* * * LOW HITPOINT WARNING * * *
You feel very sick.
The redback bites you but does no damage.
You block the redback's attack.
Unknown command.
Unknown command.
Aiming: Corrosive Bolt
Press: ? - help, Shift-Dir - straight line, f/p - wolf spider
Aim: a wolf spider (severely wounded, covered in acid, 74% to hit)
The bolt of acid hits the redback!!
The redback is splashed with acid!
The redback seems to be corroded for longer.
You kill the redback!
Okawaru accepts your kill.
The bolt of acid hits the wolf spider!
The wolf spider is splashed with acid.
The wolf spider is almost dead.
* * * LOW HITPOINT WARNING * * *
You feel very sick. The moth of wrath bites you!
You die...

....h2##...#.........#≈#..+.©.+..
.....#.#...#^#....y#^#≈#..+...+..
#h..#..#...#.##...##.#≈#++#+#+#++
.#©#...#...#..##.##..#≈#..+...+..
..#....#...#....ssy..#8#..+...+..
.#.#...#...#.^#####^.#§#++#...#++
#...#..#...#.##...##.#≈#..#+++#yy
.....#.#...#.#...y^#.#≈#y........
=.©(?.##...#..)=@s...#≈#y.y)©=...
########...######################
..©#...§.≈.....#©...........©#...
####....≈8≈....#######.#######...
.........≈...........#.#........#
########...###########.#........#
.....h2#...#.w#w###..#.#..#######
#...##h#...#^w..#©.#.#.#..#8#
.#.#.#.#...#?##.#.#w##.#..###


You could see a wolf spider (corroded), a moth of wrath (corroded), 3 swamp
worms, 2 redbacks and 2 meliai.

Vanquished Creatures
  2 death yaks (Lair:1)
  An oklob plant (Lair:1)
  A centaur zombie (D:10)
  A troll (D:10)
  A hornet (D:9)
  A redback (Gauntlet)
  A shadow (D:11)
  2 yaks (D:10)
  A steam dragon (D:9)
  A water moccasin (Lair:2)
  A sky beast (D:5)
  2 centaurs
  A kobold brigand (D:6)
  A nameless horror (Gauntlet)
  5 bullfrogs
  6 scorpions
  A water moccasin zombie (D:6)
  A killer bee (D:9)
  A hound (D:7)
  3 orc priests
  2 iguanas (D:5)
  Ijyb (D:4)
  An orc wizard (D:11)
  A howler monkey zombie (D:8)
  2 gnolls
  4 adders
  A white imp (D:6)
  An ufetubus (D:6)
  3 dart slugs (D:2)
  13 orcs
  4 bats (D:5)
  An endoplasm (D:3)
  3 giant cockroaches
  4 hobgoblins
  4 jackals (D:2)
  7 kobolds
  2 quokkas
  4 ball pythons
  4 frilled lizards
  9 goblins
  A rat (D:1)
106 creatures vanquished.

Vanquished Creatures (collateral kills)
  A hydra (Lair:1)
  A death yak (Lair:1)
  An oklob plant (Lair:1)
  A cyclops (D:11)
  2 centaur zombies
  2 cane toads (Lair:1)
  2 komodo dragons
  3 hornets
  A wraith (D:9)
  8 yaks
  A wyvern (Lair:2)
  A steam dragon (D:10)
  A warg (D:11)
  3 water moccasins
  2 orc warriors
  An ice beast (D:6)
  An ogre (D:5)
  4 bullfrogs
  2 scorpions
  A water moccasin zombie (D:4)
  6 killer bees
  4 howler monkeys
  4 hounds
  4 orc priests
  A jelly (D:5)
  2 centaur skeletons
  An iguana (D:4)
  5 orc wizards
  Robin (D:3)
  A gnoll (D:2)
  5 adders
  2 ufetubi
  An adder skeleton (D:4)
  2 worms
  A dart slug (D:1)
  16 orcs
  5 bats
  3 endoplasms
  2 giant cockroaches
  7 goblins
  2 hobgoblins
  4 jackals (D:2)
  A quokka (D:2)
  4 ball pythons
  6 kobolds
  3 rats
132 creatures vanquished.

Vanquished Creatures (others)
  A troll (D:9)
  A steam dragon (D:7)
  A water moccasin (D:8)
  An ice beast (D:7)
  A bullfrog (D:9)
  An orc wizard (D:11)
  11 fungi
  16 plants
33 creatures vanquished.

Grand Total: 271 creatures vanquished

Notes
Turn   | Place    | Note
-------+----------+-------------------------------------------
     0 | D:1      | tilp the Barachi Summoner began the quest for the Orb.
     0 | D:1      | Reached XP level 1. HP: 13/13 MP: 3/3
   240 | D:1      | Reached skill level 1 in Fighting
   546 | D:1      | Reached XP level 2. HP: 15/22 MP: 0/5
   791 | D:1      | Learned a level 2 spell: Call Imp
  1021 | D:1      | Reached skill level 5 in Summonings
  1888 | D:1      | Identified a scroll of acquirement
  1888 | D:1      | Acquired a book of Rime
  1977 | D:2      | Reached XP level 3. HP: 27/27 MP: 1/6
  1988 | D:2      | Learned a level 3 spell: Call Canine Familiar
  2602 | D:2      | Reached XP level 4. HP: 30/33 MP: 3/8
  3051 | D:2      | Reached skill level 6 in Summonings
  3685 | D:3      | Found a blossoming altar of Fedhas.
  3946 | D:3      | Found a basalt altar of Yredelemnul.
  4701 | D:3      | Noticed Robin
  4703 | D:3      | Reached XP level 5. HP: 37/39 MP: 9/9
  5511 | D:3      | Found a blossoming altar of Fedhas.
  5691 | D:3      | Killed Robin
  6417 | D:4      | Noticed Ijyb
  6663 | D:4      | Found a hide-covered altar of Uskayaw.
  6980 | D:4      | Killed Ijyb
  6981 | D:4      | Reached XP level 6. HP: 38/47 MP: 1/10
  7332 | D:5      | Entered Level 5 of the Dungeon
  7585 | D:5      | Found a bloodstained altar of Trog.
  7585 | D:5      | Noticed an orc warrior
  7826 | D:5      | Noticed a sky beast
  7837 | D:5      | Killed a sky beast
  7887 | D:5      | Found a staircase to the Ecumenical Temple.
  8131 | D:5      | Reached XP level 7. HP: 41/54 MP: 0/11
  8142 | Temple   | Entered the Ecumenical Temple
  8408 | Temple   | Became a worshipper of Warmaster Okawaru
  9165 | D:5      | Reached skill level 7 in Summonings
  9365 | D:5      | Found a shimmering blue altar of Sif Muna.
  9681 | D:5      | Got Sif Muna's Grimoire of Dusty Ignition
 10065 | D:5      | Reached skill level 8 in Summonings
 10188 | D:5      | Reached skill level 1 in Invocations
 10188 | D:5      | Reached XP level 8. HP: 60/60 MP: 6/14
 10545 | D:6      | Learned a level 3 spell: Summon Guardian Golem
 10592 | D:6      | Found Zaran's Distillery.
 10638 | D:6      | Bought a potion of heal wounds for 65 gold pieces
 10638 | D:6      | Bought a potion of might for 52 gold pieces
 10638 | D:6      | Bought a potion of resistance for 130 gold pieces
 10638 | D:6      | Bought a potion of lignification for 39 gold pieces
 10761 | D:6      | Reached * piety under Okawaru
 10979 | D:6      | Reached skill level 1 in Evocations
 11615 | D:6      | Found a glowing golden altar of the Shining One.
 12032 | D:7      | Found an opulent altar of Gozag.
 12060 | D:7      | Found a transporter.
 12068 | D:7      | Noticed a skeletal warrior
 12075 | D:7      | Found a transporter.
 12075 | D:7      | Noticed a six-headed hydra
 12080 | D:7      | Noticed Anon1729's ghost (novice FoHu)
 12337 | D:7      | Learned a level 4 spell: Summon Ice Beast
 12662 | D:7      | Reached ** piety under Okawaru
 12663 | D:7      | Reached skill level 1 in Ice Magic
 12842 | D:8      | Reached XP level 9. HP: 65/65 MP: 12/15
 12961 | D:8      | Found Xaty's Book Boutique.
 12995 | D:8      | Found a staircase to the Lair.
 13034 | D:8      | Found Myugra Opli's Book Shop.
 13068 | D:8      | Found Fedaiwulu's Antique Weapon Shoppe.
 13644 | D:8      | Reached skill level 9 in Summonings
 13753 | D:8      | Learned a level 4 spell: Summon Lightning Spire
 13995 | D:9      | Noticed a troll
 14004 | D:9      | Killed a troll
 14017 | D:9      | Reached skill level 5 in Spellcasting
 14428 | D:9      | You fall into a shaft and drop 2 floors!
 14544 | D:11     | Reached *** piety under Okawaru
 14648 | D:11     | Reached skill level 10 in Summonings
 14814 | D:10     | Entered Level 10 of the Dungeon
 15197 | D:10     | Reached skill level 11 in Summonings
 15199 | D:10     | Reached XP level 10. HP: 36/71 MP: 11/19
 16174 | D:9      | Reached skill level 12 in Summonings
 16696 | D:10     | Reached **** piety under Okawaru
 16697 | D:10     | Reached skill level 1 in Polearms
 16697 | D:10     | Reached skill level 1 in Armour
 17693 | D:11     | Reached skill level 1 in Shields
 18057 | D:11     | You fall into a shaft and drop 1 floor!
 18079 | D:11     | Found a staircase to the Orcish Mines.
 18080 | D:11     | Noticed a cyclops
 18096 | D:11     | Killed a cyclops
 18665 | Lair:1   | Entered Level 1 of the Lair of Beasts
 18665 | Lair:1   | Noticed a four-headed hydra
 18675 | Lair:1   | Killed a four-headed hydra
 18841 | Lair:1   | Noticed a cane toad
 18850 | Lair:1   | Killed a cane toad
 18851 | Lair:1   | Reached skill level 5 in Fighting
 19037 | Lair:1   | Noticed a death yak
 19139 | Lair:1   | Noticed a cane toad
 19145 | Lair:1   | Killed a cane toad
 19145 | Lair:1   | Reached ***** piety under Okawaru
 19178 | Lair:1   | Noticed a death yak
 19179 | Lair:1   | Noticed a death yak
 19219 | Lair:1   | Killed a death yak
 19219 | Lair:1   | Killed a death yak
 19220 | Lair:1   | Reached skill level 5 in Dodging
 19220 | Lair:1   | Reached XP level 11. HP: 28/80 MP: 4/20
 19220 | Lair:1   | Killed a death yak
 19220 | Lair:1   | Received a gift from Okawaru
 19620 | Lair:1   | Reached skill level 5 in Invocations
 19708 | Lair:1   | Found a blossoming altar of Fedhas.
 19711 | Lair:1   | Noticed an oklob plant
 19719 | Lair:1   | Noticed an oklob plant
 19730 | Lair:1   | Killed an oklob plant
 19740 | Lair:1   | Killed an oklob plant
 19782 | Lair:1   | Reached skill level 5 in Polearms
 20596 | Lair:2   | Found a gate leading to a gauntlet.
 20624 | Gauntlet | Entered a Gauntlet
 20624 | Gauntlet | Found a transporter.
 20624 | Gauntlet | Found a transporter.
 20627 | Gauntlet | Found a transporter.
 20627 | Gauntlet | Found a transporter.
 20631 | Gauntlet | Noticed a wolf spider
 20633 | Gauntlet | Noticed a hell beast
 20640 | Gauntlet | Noticed a moth of wrath
 20645 | Gauntlet | Found a transporter.
 20651 | Gauntlet | Found a transporter.
 20654 | Gauntlet | Found a transporter.
 20654 | Gauntlet | Found a transporter.
 20660 | Gauntlet | Noticed a hell beast
 20691 | Gauntlet | Found a transporter.
 20693 | Gauntlet | Found a large runed translucent door.
 20734 | Gauntlet | Found a transporter.
 20744 | Gauntlet | Found a transporter.
 20752 | Gauntlet | Noticed a glowing orange brain
 20755 | Gauntlet | Noticed a red ugly thing
 20763 | Gauntlet | Found a transporter.
 20773 | Gauntlet | Found a transporter.
 20849 | Gauntlet | Found a transporter.
 20865 | Gauntlet | Found a transporter.
 20867 | Gauntlet | Found a large runed translucent door.
 20867 | Gauntlet | Found a large runed translucent door.
 20868 | Gauntlet | Found a large runed translucent door.
 20868 | Gauntlet | Found a large runed translucent door.
 20869 | Gauntlet | Found a large runed translucent door.
 20869 | Gauntlet | Found a large runed translucent door.
 20869 | Gauntlet | Found a runed translucent door.
 20869 | Gauntlet | Found a runed translucent door.
 20869 | Gauntlet | Found a large runed translucent door.
 20869 | Gauntlet | Found a large runed translucent door.
 20870 | Gauntlet | Found a large runed translucent door.
 20870 | Gauntlet | Found a large runed translucent door.
 20873 | Gauntlet | Found a large runed translucent door.
 20873 | Gauntlet | Found a large runed translucent door.
 20874 | Gauntlet | Found a large runed translucent door.
 20874 | Gauntlet | Found a large runed translucent door.
 20874 | Gauntlet | Found a large runed translucent door.
 20875 | Gauntlet | Found a runed translucent gate.
 20875 | Gauntlet | Found a runed translucent gate.
 20875 | Gauntlet | Found a runed translucent gate.
 20879 | Gauntlet | Found a transporter.
 21247 | Gauntlet | Mangled by a moth of wrath

Illustrated notes

Levels and vault maps discovered:
D:1:      dpeg_arrival_concentric_ovals, layout_basic, grunt_decor_cap,
          serial_park_tiny_pond, minmay_tromino_v4_a
D:2:      layout_loops_ring, hangedman_abyss_or_decor_stabs
D:3:      layout_loops_ring, general_overflow_altar, fedhas_altar_1,
          grunt_decor_clamped, minivault_4, saegor_snake_ambush, uniq_robin
D:4:      layout_cave_pools, mainiacjoe_overflow_small_starburst,
          minmay_misc_feat_ornament, uniq_ijyb
D:5:      old_forge, layout_loops_ring, nzn_overflow_gifts_of_might_and_magic,
          minmay_temple_entry_proselytizer, kennysheep_decorative_pillar
D:6:      layout_loops_ring, kennysheep_mini, serial_shops,
          nicolae_shop_statue_plus, nicolae_wand_duel, minmay_between
D:7:      layout_basic, mainiacjoe_overflow_alcove_1, nzn_ghost_randoct,
          minivault_1
D:8:      layout_basic, lair_entry_dummy, serial_shops, shop, shop,
          nicolae_shop_stone
D:9:      layout_long_grid, chequers_decorated_corner, serial_park_tiny_1
D:10:     layout_gridville, minmay_misc_feat_nine_boxes, minmay_misc_feat_x
D:11:     layout_loops_ring, erik_orc_4
D:12:     layout_irregular_city, uniq_rupert
Temple:   regret_index_temple_generic_petals
Lair:1:   layout_cellular_growth, chequers_serial_rivers_micro_e,
          hangedman_tree_tricks
Lair:2:   layout_regular_city, shoals_dummy_entry, gauntlet_entry_generic,
          amcnicky_mini_pool_medium, grunt_megastairs_1, lemuel_fruit_tree
Gauntlet: gammafunk_gauntlet_branching [gammafunk_gauntlet_arena_spirals,
          gammafunk_gauntlet_arena_arrow_garden,
          minmay_gauntlet_arena_make_your_own_arena,
          gammafunk_gauntlet_arena_split_x, nicolae_gauntlet_arena_x,
          gammafunk_gauntlet_arena_crates, gammafunk_gauntlet_arena_mazey,
          gammafunk_gauntlet_arena_corners, gauntlet_exit_spiral]

Skill      XL: |  1  2  3  4  5  6  7  8  9 10 11 |
---------------+----------------------------------+-----
Fighting       | 1 2 3 4 5 6 |  6.0
Summonings     | 5 6 8 11 12 | 12.0
Spellcasting   | 3 4 6 |  6.0
Stealth        | 2 4 |  4.0
Dodging        | 3 4 5 |  5.8
Invocations    | 1 4 5 |  5.3
Evocations     | 4 |  4.0
Ice Magic      | 1 4 |  4.0
Polearms       | 4 5 |  5.2
Armour         | 3 4 |  4.0
Shields        | 3 4 |  4.0

Action                   |  1- 3 |  4- 6 |  7- 9 | 10-12 || total
-------------------------+-------+-------+-------+-------++-------
Melee: Whip              |    86 |    21 |    45 |       ||   152
       Hand axe          |    20 |    83 |       |       ||   103
       Morningstar       |       |    26 |       |       ||    26
       Trident           |       |       |   201 |   184 ||   385
 Cast: Summon Small Mamm |    14 |       |     3 |       ||    17
       Call Imp          |    24 |    62 |    35 |       ||   121
       Call Canine Famil |       |    14 |    34 |     5 ||    53
       Summon Guardian G |       |       |     7 |       ||     7
       Summon Ice Beast  |       |       |     2 |    70 ||    72
       Summon Lightning  |       |       |     1 |     9 ||    10
Invok: Heroism           |       |       |     3 |    16 ||    19
 Abil: Hop               |       |     2 |     4 |     6 ||    12
Evoke: Wand              |       |     2 |       |     5 ||     7
       Phantom mirror    |       |       |       |     1 ||     1
  Use: Scroll            |     5 |     6 |     7 |     5 ||    23
       Potion            |       |       |     1 |     1 ||     2
 Stab: Sleeping          |     1 |     2 |     2 |     1 ||     6
       Distracted        |       |     1 |     9 |     5 ||    15
Armor: Robe              |    25 |    18 |       |       ||    43
       Leather armour    |       |     8 |    57 |    45 ||   110
       Steam dragon scal |       |       |    12 |       ||    12
Dodge: Dodged            |    93 |   127 |   136 |    92 ||   448
Block: Buckler           |       |       |       |    11 ||    11

Table legend: (Time is in decaauts)
 A = Elapsed time spent in this place.
 B = Non-inter-level travel time spent in this place.
 C = Inter-level travel time spent in this place.
 D = Time resting spent in this place.
 E = Time spent auto-exploring this place.
 F = Levels seen in this place.
 G = Mean time per level.
                   A        B        C        D        E       F      G
               +--------+--------+--------+--------+--------+-----+--------+
         Total |  23356 |  22158 |   1198 |   6977 |  12043 |  16 | 1459.8 |
       Dungeon |  19726 |  18608 |   1118 |   5392 |  10628 |  12 | 1643.8 |
        Temple |    832 |    787 |     45 |    476 |    298 |   1 |  832.0 |
          Lair |   2091 |   2057 |     34 |    988 |    749 |   2 | 1045.5 |
      Gauntlet |    705 |    705 |      0 |    121 |    368 |   1 |  705.0 |
               +--------+--------+--------+--------+--------+-----+--------+

Top non-repeatable levels by time:
     D:3: 2839 daAuts
     D:5: 2509 daAuts
     D:1: 2308 daAuts
  Lair:1: 2047 daAuts
    D:11: 1866 daAuts
     D:9: 1739 daAuts
     D:6: 1734 daAuts
     D:2: 1538 daAuts
    D:10: 1472 daAuts
     D:4: 1360 daAuts
     D:8: 1196 daAuts
     D:7: 1135 daAuts
  Temple: 832 daAuts
Gauntlet: 705 daAuts
  Lair:2: 44 daAuts
